 Dungeon Crawl Stone Soup version 0.29-a0-422-gafbd6decc1 (webtiles) character file.

Game seed: 8500659048972879802

2823 trckry the Reanimator (level 9, 0/57 HPs)
             Began as a Mummy Necromancer on May 18, 2022.
             Was an Initiate of Gozag.
             Slain by a slime creature (22 damage)
             ... on level 8 of the Dungeon.
             The game lasted 00:25:24 (9133 turns).

trckry the Reanimator (Mummy Necromancer)           Turns: 9133, Time: 00:25:25

Health: 0/57       AC:  5    Str: 11    XL:     9   Next: 45%
Magic:  2/18       EV: 12    Int: 19    God:    Gozag
Gold:   808        SH:  0    Dex: 15    Spells: 13/20 levels left

rFire   . . .      SeeInvis .   b - +0 dagger (pain)
rCold   + . .      Faith    .   (no shield)
rNeg    + + +      Spirit   .   m - +0 robe
rPois   ∞          Reflect  .   (no helmet)
rElec   .          Harm     +   i - scarf {harm}
rCorr   .          Rampage  .   j - +1 pair of gloves {Dex+3}
Will    ++...                   h - +0 pair of boots
Stlth   ++........              k - amulet of regeneration
HPRegen 0.99/turn               d - ring of protection from fire
MPRegen 0.16/turn               t - ring of willpower

@: gold aura
A: cold resistance 1, negative energy resistance 3, torment resistance 2, heat
vulnerability 1, in touch with death 1, no potions
a: Renounce Religion, Potion Petition, Call Merchant, Bribe Branch


You were on level 8 of the Dungeon.
You worshipped Gozag.
Gozag was pleased with you.
You visited 2 branches of the dungeon, and saw 9 of its levels.

You collected 869 gold pieces.
You paid 61 gold pieces to Gozag.

Inventory:

Hand Weapons
 a - a +0 flail of protection
 b - a +0 dagger of pain (weapon)
Missiles
 n - 3 poisoned darts
 q - a curare-tipped dart (quivered)
Armour
 h - a +0 pair of boots (worn)
 i - a scarf of harm (worn)
 j - a +1 pair of gloves of dexterity (worn)
 m - a +0 robe (worn)
Jewellery
 d - a ring of protection from fire (left hand)
 k - an amulet of regeneration (around neck)
 t - a ring of willpower (right hand)
 x - a ring of protection from cold
Wands
 u - a wand of polymorph (6)
 w - a wand of digging (6)
Scrolls
 c - 2 scrolls of amnesia {unknown}
 e - a scroll of noise {unknown}
 f - 11 scrolls of teleportation {unknown}
 g - a scroll of enchant armour {unknown}
 l - 8 scrolls of identify {unknown}
 o - a scroll of vulnerability {unknown}
 p - 4 scrolls of immolation {unknown}
 r - a scroll of summoning {unknown}
 s - a scroll of fear {unknown}
 v - a scroll of brand weapon {unknown}


   Skills:
 - Level 1.5 Dodging
 - Level 1.5 Stealth
 - Level 6.0 Spellcasting
 + Level 4.4 Conjurations
 * Level 10.3 Necromancy
 - Level 3.0 Air Magic
 - Level 3.0 Poison Magic


You had 13 spell levels left.
You knew the following spells:

 Your Spells              Type           Power      Damage    Failure   Level
a - Pain                  Necr           100%       1d9       1%          1
b - Vampiric Draining     Necr           61%        2d10      1%          3
c - Mephitic Cloud        Conj/Pois/Air  18%        N/A       9%          3

Your spell library contained the following spells:

 Spells                   Type           Power      Damage    Failure   Level
 Animate Skeleton         Necr           100%       N/A       1%          1
 Magic Dart               Conj           88%        1d7       1%          1
 Corpse Rot               Necr/Air       92%        N/A       1%          2
 Animate Dead             Necr           30%        N/A       1%          4
 Dispel Undead            Necr           61%        3d21      1%          4
 Agony                    Necr           61%        N/A       4%          5
 Dazzling Flash           Conj/Hex       28%        N/A       14%         3
 Call Imp                 Summ           5%         N/A       17%         2
 Death Channel            Necr           30%        N/A       24%         6
 Gell's Gravitas          Tloc           5%         N/A       32%         3
 Lesser Beckoning         Tloc           5%         N/A       32%         3
 Ozocubu's Armour         Ice            5%         N/A       32%         3
 Teleport Other           Tloc           5%         N/A       32%         3
 Silence                  Hex/Air        5%         N/A       86%         5
 Simulacrum               Ice/Necr       19%        N/A       90%         6
 Metabolic Englaciation   Hex/Ice        2%         N/A       97%         5


Dungeon Overview and Level Annotations

Branches:
Dungeon (8/15)             Temple (1/1) D:4
   Lair: D:8-11

Altars:
Ashenzari
Dithmenos
Elyvilon
Fedhas
Gozag
Hepliaklqana
Kikubaaqudgha
Makhleb
Nemelex Xobeh
Okawaru
Qazlal
Ru
Sif Muna
Trog
Uskayaw
Vehumet
Xom
Yredelemnul

Shops:
D:1 [

Annotations:
D:6 exclusion: door
D:8 1 runed translucent door, deadleaves's ghost, novice DESu


Innate Abilities, Weirdness & Mutations

You are immune to poison.
Your flesh is cold resistant. (rC+)
You are immune to negative energy. (rN+++)
You are immune to unholy pain and torment.
You are vulnerable to heat. (rF-)
You are in touch with the powers of death.
You do not drink.


Message History

Press: ? - help, Shift-Dir - straight line, f/p - slime creature
Aim: a slime creature (heavily wounded)
You feel a surge of power!
You draw life force from the slime creature!
You feel life coursing into your body! The slime creature hits you!
You now have 7/18 mp.
Casting: Vampiric Draining (safe; 1% risk of failure)
Confirm with . or Enter, or press ? or * to list all spells.
Aiming: Vampiric Draining (safe; 1% risk of failure)
Press: ? - help, Shift-Dir - straight line, f/p - slime creature
Aim: a slime creature (severely wounded)
You feel a surge of power!
You draw life force from the slime creature!
You feel life coursing into your body! The slime creature hits you! x2
You take 14 damage, and have 27/57 hp.
MASSIVE DAMAGE!!
You now have 4/18 mp.
Casting: Vampiric Draining (safe; 1% risk of failure)
Confirm with . or Enter, or press ? or * to list all spells.
Aiming: Vampiric Draining (safe; 1% risk of failure)
Press: ? - help, Shift-Dir - straight line, f/p - slime creature
Aim: a slime creature (almost dead)
You feel a surge of power!
You draw life force from the slime creature!
You kill the slime creature!
You feel life coursing into your body. The slime creature closely misses you.
You regained 4 hp, and now have 31/57 hp.
You now have 1/18 mp.
The slime creature attacks as you move away!
The slime creature hits you.
You take 5 damage, and have 28/57 hp.
The slime creature attacks as you move away!
The slime creature hits you!
You take 9 damage, and have 21/57 hp.
Throw: 2 darts (curare)
Press: ? - help, Q - select action, (/) - cycle Shift-Dir - straight line, f - slime creature
Aim: a slime creature (81% to hit)
You throw a curare-tipped dart.
The curare-tipped dart barely misses the slime creature.
The slime creature hits you!!
You die...
Your body crumbles into a pile of gold.

####J.#.####..#.#.# #....##.#
#..#..# ##≈.#.#.####..####.###
#.###.# #.≈...#.........>.....
#..#.## #...≈.######........##
#.#.## #..≈≈.## #..##....#
#.#.# #...≈..## #..##.#.###
#)#.# #.......####..##......
##.#.#######...........####.###
###......$<....J@.............#
#..................####.#######
###...###.####..........#
##.####.# ############ #......#
########


You could see a slime creature.

Vanquished Creatures
  3 slime creatures
  A wyvern (D:7)
  3 yaks (D:7)
  2 water moccasins
  An ice beast (D:7)
  An ogre (D:6)
  2 centaurs
  A bullfrog (D:4)
  2 scorpions
  A necrophage (D:6)
  4 electric eels (D:7)
  4 hounds
  2 jellies
  5 orc priests
  A gnoll shaman (D:6)
  Jessica (D:3)
  2 iguanas (D:7)
  5 orc wizards
  11 adders
  A white imp (D:5)
  2 ufetubi
  A worm (D:4)
  4 dart slugs
  32 orcs
  4 endoplasms
  2 giant cockroaches
  9 goblins
  12 hobgoblins
  A jackal (D:2)
  6 quokkas
  7 ball pythons
  5 bats
  3 frilled lizards
  4 kobolds
  A rat (D:1)
146 creatures vanquished.

Vanquished Creatures (others)
  14 toadstools (D:1)
14 creatures vanquished.

Grand Total: 160 creatures vanquished

Notes
Turn   | Place    | Note
-------+----------+-------------------------------------------
     0 | D:1      | trckry the Mummy Necromancer began the quest for the Orb.
     0 | D:1      | Reached XP level 1. HP: 13/13 MP: 4/4
   400 | D:1      | Reached XP level 2. HP: 19/19 MP: 0/6
   769 | D:1      | Found Uxam's Antique Armour Shop.
  1303 | D:1      | Gained mutation: You are in touch with the powers of death.
                  | [Mummy growth]
  1303 | D:1      | Reached XP level 3. HP: 17/24 MP: 2/7
  1430 | D:1      | Found a faded altar of an unknown god.
  1664 | D:2      | Reached skill level 5 in Necromancy
  1969 | D:2      | Reached XP level 4. HP: 30/30 MP: 5/9
  2637 | D:2      | Learned a level 3 spell: Vampiric Draining
  2643 | D:3      | Noticed Jessica
  2645 | D:3      | Killed Jessica
  2646 | D:3      | Reached XP level 5. HP: 35/35 MP: 5/11
  2884 | D:3      | Reached skill level 6 in Necromancy
  3398 | D:4      | Found a sacrificial altar of Ru.
  3649 | D:4      | Reached skill level 5 in Spellcasting
  3649 | D:4      | Reached XP level 6. HP: 40/41 MP: 3/13
  4035 | D:4      | Learned a level 3 spell: Mephitic Cloud
  4529 | D:4      | Found a staircase to the Ecumenical Temple.
  4538 | Temple   | Entered the Ecumenical Temple
  4547 | Temple   | Became a worshipper of Gozag Ym Sagoz the Greedy
  4651 | D:5      | Entered Level 5 of the Dungeon
  4888 | D:5      | Reached skill level 7 in Necromancy
  4888 | D:5      | Reached skill level 1 in Poison Magic
  4888 | D:5      | Reached XP level 7. HP: 43/46 MP: 7/15
  4917 | D:5      | Reached skill level 1 in Conjurations
  4922 | D:5      | Reached skill level 1 in Air Magic
  5902 | D:6      | Found a broken altar of Ashenzari.
  5919 | D:6      | Reached XP level 8. HP: 52/52 MP: 12/17
  6239 | D:6      | Reached skill level 8 in Necromancy
  7375 | D:7      | HP: 1/52 [yak (16)]
  7393 | D:7      | Reached skill level 9 in Necromancy
  7710 | D:7      | Reached XP level 9. HP: 55/57 MP: 8/18
  8756 | D:8      | Found a sparkling altar of Nemelex Xobeh.
  8816 | D:8      | Found a runed translucent door.
  8822 | D:8      | Noticed deadleaves's ghost (novice DESu)
  8861 | D:8      | Found a shimmering altar of Xom.
  8861 | D:8      | Found a blossoming altar of Fedhas.
  9025 | D:8      | Reached skill level 10 in Necromancy
  9133 | D:8      | Slain by a slime creature

Illustrated notes

Levels and vault maps discovered:
D:1:      nagdon_arrival_zigzag_paths, layout_basic,
          ebering_ecumenical_altar_webs, serial_shops, nicolae_square_shop,
          minmay_liquid_box
D:2:      minmay_angry_zag, layout_loops_cross, chequers_serial_rivers_marsh
D:3:      layout_basic, uniq_jessica
D:4:      layout_loops_ring, overflow_temple_1_default, temple_hall
D:5:      layout_loops_cross
D:6:      minmay_clustersquares, layout_basic, evilmike_ruin_ashenzari,
          chequers_hall_statues_y
D:7:      statuecave_lemuel, layout_loops_ring, chequers_big_river
D:8:      layout_loops_ring, nemelex_spade_bored_becter,
          nicolae_tso_swordbearing_angel, gammafunk_temple_overflow_wave,
          lair_entry_dummy, serial_rivers, chequers_serial_rivers_small_b,
          chequers_serial_rivers_micro_c, chequers_serial_rivers_micro_a,
          chequers_serial_rivers_micro_b, ebering_ghost_reflecting_pool
Temple:   cyrus_circular_temple

Skill      XL: |  1  2  3  4  5  6  7  8  9 |
---------------+----------------------------+-----
Spellcasting   | 3 4 5 6 |  6.0
Necromancy     | 5 6 7 9 10 | 10.3
Poison Magic   | 1 2 3 |  3.0
Conjurations   | 2 3 4 |  4.4
Air Magic      | 1 3 |  3.0
Dodging        | |  1.5
Stealth        | |  1.5

Action                   |  1- 3 |  4- 6 |  7- 9 || total
-------------------------+-------+-------+-------++-------
Melee: Club              |       |    18 |       ||    18
       Unarmed           |       |     1 |       ||     1
       War axe           |       |    26 |    17 ||    43
       Punch             |       |     1 |     2 ||     3
       Flail             |       |       |    16 ||    16
       Dagger            |       |       |    37 ||    37
Throw: Dart              |       |       |     9 ||     9
 Cast: Pain              |    78 |   109 |    76 ||   263
       Vampiric Draining |       |     9 |    50 ||    59
 Stab: Sleeping          |       |       |     3 ||     3
Armor: Robe              |    12 |    43 |    27 ||    82
Dodge: Dodged            |    49 |   102 |    64 ||   215

Table legend: (Time is in decaauts)
 A = Elapsed time spent in this place.
 B = Non-inter-level travel time spent in this place.
 C = Inter-level travel time spent in this place.
 D = Time resting spent in this place.
 E = Time spent auto-exploring this place.
 F = Levels seen in this place.
 G = Mean time per level.
                   A        B        C        D        E       F      G
               +--------+--------+--------+--------+--------+-----+--------+
         Total |   9174 |   8898 |    276 |    384 |   6712 |   9 | 1019.3 |
       Dungeon |   9117 |   8849 |    268 |    384 |   6678 |   8 | 1139.6 |
        Temple |     57 |     49 |      8 |      0 |     34 |   1 |   57.0 |
               +--------+--------+--------+--------+--------+-----+--------+

Top non-repeatable levels by time:
     D:1: 1522 daAuts
     D:7: 1470 daAuts
     D:6: 1248 daAuts
     D:4: 1206 daAuts
     D:2: 1115 daAuts
     D:5: 1059 daAuts
     D:3: 759 daAuts
     D:8: 734 daAuts
  Temple: 57 daAuts
